 Dungeon Crawl Stone Soup version 0.31.0-11-ge490571c62 (webtiles) character file.

Game seed: 9685412230776224269

81 qw the Shooter (level 4, -1/25 HPs)
             Began as a Deep Elf Hunter on Feb 5, 2024.
             Slain by a kobold
             ... wielding a +0 whip
              (3 damage)
             ... in a sewer.
             The game lasted 00:00:04 (1160 turns).

qw the Shooter (Deep Elf Hunter)                    Turns: 1160, Time: 00:00:05

Health: -1/25      AC:  3    Str: 10    XL:     4   Next: 19%
Magic:  6/6        EV: 12    Int: 14    God:
Gold:   19         SH:  0    Dex: 18    Spells: 3/3 levels left

rFire   . . .        a - +0 shortbow
rCold   . . .        (shield currently unavailable)
rNeg    . . .        c - +0 leather armour
rPois   .            (no helmet)
rElec   .            (no cloak)
rCorr   .            (no gloves)
SInv    .            (no boots)
Will    .....        (no amulet)
Stlth   ++           (no ring)
HPRegen 0.24/turn    (no ring)
MPRegen 0.10/turn

%: no passive effects
@: no status effects
A: no striking features
a: no special abilities


You were in a sewer.
You visited 1 branch of the dungeon, and saw 3 of its levels.
You also visited: Sewer.

You collected 47 gold pieces.
You spent 28 gold pieces at shops.


   Skills:
 - Level 1.5 Fighting
 + Level 7.6 Ranged Weapons
 - Level 2.4 Dodging
 - Level 1.2 Stealth


You had 3 spell levels left.
You didn't know any spells.
Your spell library was empty.

Inventory:

Hand Weapons
 a - a +0 shortbow (weapon)
Armour
 c - a +0 leather armour (worn)

Dungeon Overview and Level Annotations

Branches:
Dungeon (2/15)              Sewer (1/1)

Altars:

Shops:
D:1 [[*

Annotations:
D:1 2 runed translucent doors


Message History

You feel very sick.
You shoot an arrow.
The arrow closely misses the kobold brigand.
You feel sick. The kobold brigand barely misses you.
The kobold hits you with a +0 whip.
You shoot an arrow.
The arrow closely misses the kobold brigand.
You feel sick.
A kobold comes into view. It is wielding a +0 short sword.
The kobold brigand closely misses you.
The kobold splashes around in the water.
You shoot an arrow.
The arrow barely misses the kobold brigand.
You feel sick.
The kobold brigand hits you with a +0 dagger.
The kobold hits you but does no damage.
You shoot an arrow.
The arrow hits the kobold brigand but does no damage.
The kobold brigand is moderately wounded.
You feel sick.
The kobold brigand hits you with a +0 dagger.
The kobold hits you with a +0 whip.
You shoot an arrow. The arrow hits the kobold brigand.
The kobold brigand is moderately wounded.
You feel sick.
The kobold brigand splashes around in the water.
The kobold splashes around in the water.
You shoot an arrow. The arrow hits the kobold brigand.
The kobold brigand is heavily wounded.
You feel sick. The kobold brigand misses you.
The kobold splashes around in the water.
You shoot an arrow.
The arrow closely misses the kobold brigand.
The arrow hits the kobold!
You kill the kobold!
You feel sick.
You are no longer poisoned.
The kobold brigand completely misses you.
The kobold hits you with a +0 whip.
You die...

### ############ #\#
#..~.~..~..###.###
#.~~~~~~..~~.....######
.#)~~~~~~~~~~~~~~~~~~~~#
...~~~~~~~~~~~~~~~~~~~~~
#.~~~~~~~~~~~~~~~~~~~~~
#.~~~K~.~~~~.~...######
#..).K@~.~.#######
#########~## #~# #~# #~#
#~# #~# #~# #~#


You could see a kobold brigand and a kobold.

Vanquished Creatures
  3 adders (D:3)
  A river rat (Sewer)
  2 dart slugs (D:1)
  4 endoplasms (D:1)
  2 giant cockroaches
  5 goblins (D:1)
  5 hobgoblins (D:1)
  A jackal (Sewer)
  A ball python (D:1)
  3 bats
  3 frilled lizards (D:1)
  4 kobolds
  9 rats
43 creatures vanquished.

Notes
Turn   | Place    | Note
-------+----------+-------------------------------------------
     0 | D:1      | qw the Deep Elf Hunter began the quest for the Orb.
     0 | D:1      | Reached XP level 1. HP: 12/12 MP: 3/3
     0 | D:1      | 0 ||| qw: Version: 0.3-a-160-g6735b56
     0 | D:1      | 0 ||| qw: Game counter: 6153
     0 | D:1      | 0 ||| qw: Melee chars always use a shield: true
     0 | D:1      | 0 ||| qw: God list: Okawaru
     0 | D:1      | 0 ||| qw: Allow faded altars: false
     0 | D:1      | 0 ||| qw: Do Orc after clearing Dungeon:15 true
     0 | D:1      | 0 ||| qw: Do second Lair branch before Depths: true
     0 | D:1      | 0 ||| qw: Lair rune preference: random
     0 | D:1      | 0 ||| qw: Goals: Normal
     0 | D:1      | 0 ||| PLANNING D:1-11
    42 | D:1      | Reached XP level 2. HP: 16/16 MP: 4/4
    45 | D:1      | Reached skill level 6 in Ranged Weapons
    58 | D:1      | Found a large runed translucent door.
    58 | D:1      | Found a large runed translucent door.
   170 | D:1      | Found Xaugrouryu's Antique Armour Shop.
   178 | D:1      | 178 ||| SHOPLISTING +3 pair of seven-league boots
                  | {Rampage+∞} (680 gold, have 30).
   178 | D:1      | 178 ||| SHOPLISTING dyed leather armour (85 gold, have 30).
   178 | D:1      | 178 ||| SHOPLISTING quicksilver dragon scales (1020 gold,
                  | have 30).
   178 | D:1      | 178 ||| SHOPLISTING shiny scale mail (119 gold, have 30).
   198 | D:1      | Found Moituez's Assorted Antiques.
   210 | D:1      | 210 ||| BUYING scroll labelled AXOVVE KYITEUC (28 gold).
   210 | D:1      | Bought a scroll labelled AXOVVE KYITEUC for 28 gold pieces
   210 | D:1      | 210 ||| SHOPLISTING scroll labelled BIADUK LAOXA (28 gold,
                  | have 2).
   210 | D:1      | 210 ||| SHOPLISTING scroll labelled QOYLEGG BEWIMA (28
                  | gold, have 2).
   210 | D:1      | 210 ||| SHOPLISTING silvery potion (25 gold, have 2).
   277 | D:1      | Reached XP level 3. HP: 20/20 MP: 5/5
   412 | D:1      | Found Qufetill's Armour Shop.
   420 | D:1      | 420 ||| SHOPLISTING +0 leather armour of Ejiot {MP+9 Str+3}
                  | (478 gold, have 19).
   420 | D:1      | 420 ||| SHOPLISTING +0 pair of boots (63 gold, have 19).
   420 | D:1      | 420 ||| SHOPLISTING +0 ring mail (56 gold, have 19).
   420 | D:1      | 420 ||| SHOPLISTING +2 robe of willpower (247 gold, have
                  | 19).
   420 | D:1      | 420 ||| SHOPLISTING +2 scale mail of Disguise {Fly rC+++
                  | Str+4} (931 gold, have 19).
   787 | D:1      | 787 ||| READING scroll labelled DITTIE INWEEX.
   787 | D:1      | 787 ||| IDENTIFYING 2 scrolls labelled AXOVVE KYITEUC
   788 | D:1      | 788 ||| DROPPING scroll of butterflies.
   789 | D:1      | 789 ||| DROPPING 2 scrolls of vulnerability.
   921 | D:2      | You fall into a shaft and drop 1 floor!
   935 | D:3      | 935 ||| PLANNING SEWER
   953 | D:3      | Reached skill level 7 in Ranged Weapons
   983 | D:3      | Found a glowing drain.
   984 | D:3      | 984 ||| READING scroll labelled MIKIEPILUY.
   984 | D:3      | 984 ||| ENCHANTING +0 shortbow.
   996 | D:3      | HP: 5/20 [adder (1)]
   998 | D:3      | HP: 2/20 [adder (1)]
  1084 | Sewer    | Entered a sewer
  1086 | Sewer    | Reached XP level 4. HP: 25/25 MP: 6/6
  1144 | Sewer    | Noticed a kobold brigand
  1157 | Sewer    | HP: 4/25 [kobold/+0 whip (5)]
  1160 | Sewer    | Slain by a kobold

Levels and vault maps discovered:
D:1:      erik_arrival_cave_to_civilisation [erik_arrival_cave_to_temple],
          layout_basic, serial_shops, nicolae_shop_advertising_works
          [nicolae_subvault_shop_adworks], shop, shop, minmay_cupped
D:2:      layout_basic
D:3:      layout_basic, gup_sewer_entry_glass
Sewer:    sewer_kobolds

Skill      XL: |  1  2  3 |
---------------+----------+-----
Ranged Weapons | 6 7 |  7.6
Fighting       | |  1.5
Dodging        | |  2.4
Stealth        | |  1.2

Action                     |  1- 3 |  4- 6 || total
---------------------------+-------+-------++-------
   Fire: Shortbow          |    85 |    26 ||   111
    Use: Scroll            |     2 |       ||     2
 Armour: Leather armour    |    11 |     6 ||    17
  Dodge: Dodged            |    17 |     5 ||    22

Table legend:
 A = Non-vault XP
 B = Vault XP
 C = Vault XP percentage of total XP
 D = Non-vault monster count
 E = Vault monster count
 F = Vault count percentage of total count
                 A         B        C        D         E       F
            +---------+---------+-------+---------+---------+-------
      Total |      58 |      60 |  50.8 |      28 |      15 |  34.9
            +---------+---------+-------+---------+---------+-------
        D:1 |      41 |       9 |  18.0 |      24 |       4 |  14.3
        D:2 |       4 |       0 |   0.0 |       3 |       0 |   0.0
        D:3 |      13 |      29 |  69.0 |       1 |       3 |  75.0
      Sewer |       0 |      22 | 100.0 |       0 |       8 | 100.0
            +---------+---------+-------+---------+---------+-------
